 Dungeon Crawl Stone Soup version 0.28-a0-655-g4eb62b627b (webtiles) character file.

Game seed: 3393118786430496532

84 bande the Skirmisher (level 4, -1/29 HPs)
             Began as a Gargoyle Fighter on Oct 13, 2021.
             Slain by an orc (3 damage)
             ... on level 3 of the Dungeon.
             The game lasted 00:02:19 (2198 turns).

bande the Skirmisher (Gargoyle Fighter)             Turns: 2198, Time: 00:02:19

Health: -1/29      AC: 10    Str: 17 (20) XL:     4   Next: 46%
Magic:  13/13      EV:  9    Int:  8 (9)  God:
Gold:   33         SH:  4    Dex:  7 (9)  Spells: 3/3 levels left

rFire   . . .      SeeInvis .   a - +0 war axe
rCold   . . .      Faith    .   c - +0 buckler
rNeg    + . .      Spirit   .   b - +0 scale mail
rPois   ∞          Reflect  .   (no helmet)
rElec   +          Harm     .   (no cloak)
rCorr   .          Rampage  .   (no gloves)
Will    .....                   (no boots)
Stlth   ..........              (no amulet)
HPRegen 0.09/turn               h - ring of magical power
MPRegen 0.13/turn               (no ring)

@: no status effects
A: sickness immunity, AC +3, negative energy resistance 1, electricity
resistance, torment resistance 1, petrification resistance
a: no special abilities


You were on level 3 of the Dungeon.
You visited 1 branch of the dungeon, and saw 3 of its levels.

You collected 33 gold pieces.

Inventory:

Hand Weapons
 a - a +0 war axe (weapon)
Armour
 b - a +0 scale mail (worn)
 c - a +0 buckler (worn)
Jewellery
 h - a ring of magical power (left hand)
Scrolls
 e - a scroll of identify {unknown}
Potions
 d - a potion of might
 f - a potion of curing {unknown}


   Skills:
 + Level 4.0 Fighting
 + Level 3.0 Axes
 + Level 3.9 Armour
 + Level 3.6 Shields


You had 3 spell levels left.
You didn't know any spells.
Your spell library contained the following spells:

 Spells                   Type           Power      Damage    Failure   Level
 Slow                     Hex            0%         N/A       92%         2
 Confusing Touch          Hex            0%         N/A       99%         3
 Yara's Violent Unravell  Hex/Tmut       0%         3d3       100%        5


Dungeon Overview and Level Annotations

Branches:
Dungeon (3/15)

Altars:


Innate Abilities, Weirdness & Mutations

You are immune to sickness and miasma.
Your stone body is resilient. (AC +3)
You are immune to poison.
You resist negative energy. (rN+)
You are resistant to electric shocks. (rElec)
You are resistant to unholy torment.
You are immune to petrification.


Message History

The hound bites you but does no damage.
An orc comes into view. It is wielding a +2 trident of venom.
The hound misses you.
You closely miss the hound.
The hound is lightly wounded.
The hound stops to sniff the ground.
The hound barely misses you. The hound completely misses you.
You closely miss the hound.
The hound is lightly wounded.
The hound barely misses you. x2
You closely miss the hound.
The hound is lightly wounded.
You barely miss the orc. The hound barely misses you. x2
The orc barely misses you.
You closely miss the hound.
The hound is lightly wounded.
You closely miss the orc. The hound bites you.
The hound bites you but does no damage. The orc closely misses you. x2
You slash the hound!
The hound is severely wounded.
You hit the orc but do no damage. The hound bites you.
You block the orc's attack. The hound barely misses you.
The orc hits you but does no damage.
The orc hits you from afar with a +2 trident of venom.
The hound barely misses you.
You hit the hound but do no damage.
The hound is severely wounded.
You hit the orc. The hound bites you but does no damage.
The orc hits you but does no damage.
The orc hits you from afar with a +2 trident of venom.
Unknown command.
The orc hits you but does no damage. The hound bites you but does no damage.
The orc hits you with a +2 trident of venom.
There is a stone staircase leading up here.
The hound bites you.
* * * LOW HITPOINT WARNING * * *
The orc hits you with a +0 short sword.
* * * LOW HITPOINT WARNING * * *
The orc hits you with a +2 trident of venom.
You die...

##.......#
..)....)#
.......# ......#
# .....#####
####.##.........
.......o......##
#.h@o..>.).
##.##.##.## ....
# ###.## #.. ###


You could see a hound and 2 orcs.

Vanquished Creatures
  2 adders (D:2)
  A worm (D:2)
  2 dart slugs
  3 ball pythons
  3 bats
  9 endoplasms
  3 giant cockroaches
  4 goblins
  6 hobgoblins
  7 jackals
  5 kobolds (D:1)
  2 quokkas (D:1)
  A frilled lizard (D:1)
  2 rats
50 creatures vanquished.

Notes
Turn   | Place    | Note
-------+----------+-------------------------------------------
     0 | D:1      | bande the Gargoyle Fighter began the quest for the Orb.
     0 | D:1      | Reached XP level 1. HP: 14/14 MP: 1/1
    61 | D:1      | Reached XP level 2. HP: 19/19 MP: 2/2
   517 | D:1      | Reached XP level 3. HP: 21/24 MP: 3/3
  1795 | D:2      | Reached XP level 4. HP: 29/29 MP: 4/4
  1963 | D:2      | Reached skill level 4 in Fighting
  2198 | D:3      | Slain by an orc

Illustrated notes

Levels and vault maps discovered:
D:1:      roderic_dead_forest, layout_basic
D:2:      layout_rooms
D:3:      layout_loops_ring, uniq_jessica

Skill      XL: |  1  2  3  4 |
---------------+-------------+-----
Axes           | 2 3 |  3.0
Fighting       | 4 |  4.0
Armour         | |  3.9
Shields        | |  3.6

Action                   |  1- 3 |  4- 6 || total
-------------------------+-------+-------++-------
Melee: War axe           |   109 |    32 ||   141
  Use: Potion            |     3 |       ||     3
       Scroll            |     1 |       ||     1
Armor: Scale mail        |    70 |    25 ||    95
Dodge: Dodged            |    66 |    23 ||    89
Block: Buckler           |    25 |     3 ||    28

Table legend: (Time is in decaauts)
 A = Elapsed time spent in this place.
 B = Non-inter-level travel time spent in this place.
 C = Inter-level travel time spent in this place.
 D = Time resting spent in this place.
 E = Time spent auto-exploring this place.
 F = Levels seen in this place.
 G = Mean time per level.
                   A        B        C        D        E       F      G
               +--------+--------+--------+--------+--------+-----+--------+
         Total |   2252 |   2231 |     21 |    558 |   1332 |   3 |  750.7 |
       Dungeon |   2252 |   2231 |     21 |    558 |   1332 |   3 |  750.7 |
               +--------+--------+--------+--------+--------+-----+--------+

Top non-repeatable levels by time:
     D:2: 1205 daAuts
     D:1: 1027 daAuts
     D:3: 20 daAuts
